 Dungeon Crawl Stone Soup version 0.32-a0-13-gbaedc5810e (webtiles) character file.

Game seed: 5329318656567638088

4 Bnni the Apothecary (level 1, -1/12 HPs)
             Began as an Octopode Alchemist on Jan 15, 2024.
             Killed from afar by a dart slug (4 damage)
             ... with a slug dart
             ... on level 1 of the Dungeon.
             The game lasted 00:00:57 (98 turns).

Bnni the Apothecary (Octopode Alchemist)              Turns: 98, Time: 00:00:57

Health: -1/12      AC:  1    Str:  7    XL:     1   Next: 70%
Magic:  0/3        EV: 13    Int: 17    God:
Gold:   25         SH:  0    Dex: 12    Spells: 3/4 levels left

rFire   . . .        c - +0 dagger
rCold   . . .        (no shield)
rNeg    . . .        (helmet restricted)
rPois   .            (no amulet)
rElec   .            (no ring)
rCorr   .            (no ring)
SInv    .            (no ring)
Will    .....        (no ring)
Stlth   +++          (no ring)
HPRegen 0.22/turn    (no ring)
MPRegen 0.08/turn    (no ring)
                     (no ring)

%: no passive effects
@: no status effects
A: almost no armour, amphibious, 8 rings, camouflage 1, gelatinous body 1,
(nimble swimmer 1), tentacles
a: no special abilities


You were on level 1 of the Dungeon.
You visited 1 branch of the dungeon, and saw 1 of its levels.

You collected 25 gold pieces.

Inventory:

Hand Weapons
 c - a +0 dagger (weapon)
Scrolls
 b - a scroll of identify {unknown}
Potions
 a - a potion of magic
 d - a potion of brilliance {unknown}


   Skills:
 + Level 0.3 Fighting
 - Level 2.0 Dodging
 - Level 2.6 Stealth
 + Level 2.1 Spellcasting
 - Level 1.0 Conjurations
 * Level 3.5 Alchemy


You had 3 spell levels left.
You knew the following spells:

 Your Spells              Type           Power      Damage    Failure   Level
a - Sting                 Conj/Alch      36%        1d5       8%          1

Your spell library contained the following spells:

 Spells                   Type           Power      Damage    Failure   Level
 Mercury Vapours          Alch/Air       14%        N/A       14%         2
 Mephitic Cloud           Conj/Alch/Air  6%         N/A       30%         3
 Olgreb's Toxic Radiance  Alch           13%        N/A       41%         4
 Sticky Flame             Fire/Alch      7%         2d4       67%         4


Dungeon Overview and Level Annotations

Branches:
Dungeon (1/15)

Altars:


Innate Abilities, Weirdness & Mutations

You cannot wear most types of armour.
You are amphibious.
You can wear up to eight rings at the same time.
Your skin changes colour to match your surroundings (Stealth+).
Your rubbery body absorbs attacks. (AC +1, EV +1)
((You are camouflaged when in or above water. (Stealth+)))
You have tentacles for arms and can constrict up to eight enemies at once.


Message History

Press: ? - help, Q - select action Shift-Dir - straight line, f/p - kobold
Aim: a kobold, wielding a +0 dagger and quivering stones (60% to hit)
The sting hits the kobold.
The kobold is poisoned.
The kobold is moderately wounded.
The kobold throws a stone.
The stone hits you.
Unknown command.
A kobold is nearby!
The kobold misses you.
You hit the kobold but do no damage. Your grab misses the kobold.
Your squeeze misses the kobold.
The kobold is moderately wounded.
The kobold hits you with a +0 dagger.
You miss the kobold. Your grab misses the kobold.
The kobold is moderately wounded.
A dart slug comes into view.
The kobold hits you with a +0 dagger.
You closely miss the kobold. Your grab misses the kobold.
The kobold is severely wounded.
You kill the kobold!
A dart slug is nearby!
Things that are here:
a +0 dagger; 4 stones A dart slug is nearby!
You don't have enough magic to cast this spell.
Unknown command.
You don't have enough magic to cast this spell.
You see here a brown potion.
d - a brown potion
Aiming: Sting (safe; 8% risk of failure)
Press: ? - help, Q - select action Shift-Dir - straight line, f - dart slug
Aim: a dart slug (100% to hit)
The sting hits the dart slug.
The dart slug is poisoned.
The dart slug is moderately wounded.
The dart slug launches a dart at you. The slug dart hits you.
Ouch! That really hurt!
* * * LOW HITPOINT WARNING * * *
The dart slug launches a dart at you. The slug dart hits you.
You die...

#....≈≈.≈≈≈.≈≈~≈≈≈≈
#.#.≈..≈≈≈≈.>~≈≈≈≈≈
#.#.≈≈≈≈≈≈~<.≈≈≈≈..
#...≈≈≈≈≈~≈≈.≈≈≈.≈≈
#...≈≈≈≈≈~≈≈≈...≈≈≈
#...≈≈≈≈≈~≈≈≈≈≈≈≈≈≈
#...≈≈≈8≈≈~≈≈≈≈≈8≈≈
#....≈≈≈≈≈≈~≈≈≈≈≈≈≈
#.@...≈≈≈≈≈~≈≈≈≈≈≈#
#..†..#≈≈≈~≈≈≈≈≈≈.#
#.....##J.. #...§§#
... #)##.§.# #w#
.§§# #.# ...# #.#
..## #.# ##


You could see a dart slug (poisoned).

Vanquished Creatures
  A ball python (D:1)
  A goblin (D:1)
  A kobold (D:1)
  A frilled lizard (D:1)
4 creatures vanquished.

Notes
Turn   | Place    | Note
-------+----------+-------------------------------------------
     0 | D:1      | Bnni the Octopode Alchemist began the quest for the Orb.
     0 | D:1      | Reached XP level 1. HP: 11/11 MP: 3/3
    80 | D:1      | Found a faded altar of an unknown god.
    98 | D:1      | Killed from afar by a dart slug

Illustrated notes

Levels and vault maps discovered:
D:1:      nzn_arrival_water_spiral, layout_rooms, ebering_ecumenical_altar_mist,
          minmay_misc_feat_rows, minmay_misc_feat_room,
          nicolae_twisty_statue_hallways

Action                     || total
---------------------------++-------
  Melee: Dagger            ||     5
   Cast: Sting             ||     7
 Armour: Skin              ||     6
  Dodge: Dodged            ||     5

Table legend: (Time is in decaauts)
 A = Elapsed time spent in this place.
 B = Non-inter-level travel time spent in this place.
 C = Inter-level travel time spent in this place.
 D = Time resting spent in this place.
 E = Time spent auto-exploring this place.
 F = Levels seen in this place.
 G = Mean time per level.
                   A        B        C        D        E       F      G
               +--------+--------+--------+--------+--------+-----+--------+
         Total |     97 |     97 |      0 |      0 |     64 |   1 |   97.0 |
       Dungeon |     97 |     97 |      0 |      0 |     64 |   1 |   97.0 |
               +--------+--------+--------+--------+--------+-----+--------+

Top non-repeatable levels by time:
     D:1: 97 daAuts
